 Dungeon Crawl Stone Soup version 0.31-a0-233-g139696dc86 (webtiles) character file.

Game seed: 190301949818784593

15187 Decritt the Fighter (level 12, 0/81 HPs)
             Began as a Gargoyle Fighter on July 9, 2023.
             Was an Initiate of Ru.
             Slain by a black mamba (5 damage)
             ... on level 2 of the Lair of Beasts.
             The game lasted 00:20:10 (9231 turns).

Decritt the Fighter (Gargoyle Fighter)              Turns: 9231, Time: 00:20:10

Health: 0/81       AC: 24    Str: 24    XL:     12   Next: 24%
Magic:  12/12      EV:  6    Int:  8    God:    Ru [......]
Gold:   777        SH: 17    Dex: 11    Spells: 11/11 levels left

rFire   + . .        m - +3 whip (elec)
rCold   + + .        E - +1 tower shield
rNeg    + . .        q - +1 plate armour
rPois   ∞            (no helmet)
rElec   +            w - scarf {rC+ rF+}
rCorr   .            (no gloves)
SInv    .            (no boots)
Will    .....        g - amulet of regeneration Stlth
                     l - ring of flight
HPRegen 1.13/turn    a - ring of protection from cold
MPRegen 0.13/turn

%: no passive effects
@: flying
A: sickness immunity, AC +8, negative energy resistance 1, electricity
resistance, torment resistance 1, petrification resistance
a: Renounce Religion


You were on level 2 of the Lair of Beasts.
You worshipped Ru.
Ru was noncommittal.
You visited 2 branches of the dungeon, and saw 12 of its levels.
You also visited: Ossuary.

You collected 975 gold pieces.
You spent 198 gold pieces at shops.

Inventory:

Hand Weapons
 m - a +3 whip of electrocution (weapon)
 o - a +2 whip of freezing
 s - a +0 morningstar
Missiles
 G - a throwing net
Armour
 q - a +1 plate armour (worn)
 w - a scarf of resistance (worn)
 E - a +1 tower shield (worn)
Jewellery
 a - a ring of protection from cold (right hand)
 c - an amulet of magic regeneration
 g - an amulet of regeneration (around neck)
 l - a ring of flight (left hand)
 J - a ring of ice
Wands
 j - a wand of mindburst (16)
 p - a wand of paralysis (9)
 z - a wand of iceblast (16)
 A - a wand of flame (13)
 F - a wand of acid (2)
Scrolls
 b - 2 scrolls of fog
 f - 3 scrolls of blinking
 i - 4 scrolls of teleportation
 n - 2 scrolls of poison
 r - a scroll of fear
 y - 3 scrolls of amnesia
 I - a scroll of immolation {unknown}
Potions
 d - 3 potions of might
 e - 3 potions of cancellation
 h - 2 potions of mutation
 k - 2 potions of invisibility
 t - a potion of haste
 u - a potion of magic
 v - a potion of heal wounds
 x - 2 potions of enlightenment
 B - 7 potions of curing
 C - 4 potions of brilliance
 D - 4 potions of berserk rage
 H - a potion of lignification {unknown}


   Skills:
 * Level 11.9 Fighting
 * Level 10.2 Maces & Flails
 + Level 9.5 Armour
 - Level 3.2 Dodging
 * Level 11.2 Shields


You had 11 spell levels left.
You didn't know any spells.
Your spell library contained the following spells:

 Spells                   Type           Power      Damage    Failure   Level
 Apportation              Tloc           0%         N/A       100%        1
 Magic Dart               Conj           0%         1d3       100%        1
 Call Imp                 Summ           0%         N/A       100%        2
 Poisonous Vapours        Pois/Air       0%         N/A       100%        2
 Hailstorm                Conj/Ice       0%         3d3       100%        3
 Ignite Poison            Fire/Tmut/Pois 0%         N/A       100%        3
 Mephitic Cloud           Conj/Pois/Air  0%         N/A       100%        3
 Portal Projectile        Hex/Tloc       0%         N/A       100%        3
 Tukima's Dance           Hex            0%         N/A       100%        3
 Anguish                  Hex/Necr       0%         N/A       100%        4
 Cause Fear               Hex            0%         N/A       100%        4
 Ice Form                 Ice/Tmut       0%         N/A       100%        4
 Blade Hands              Tmut           0%         N/A       100%        5
 Freezing Cloud           Conj/Ice/Air   0%         6-21      100%        5
 Summon Forest            Summ/Tloc      0%         N/A       100%        5
 Summon Mana Viper        Hex/Summ       0%         N/A       100%        5
 Simulacrum               Ice/Necr       0%         N/A       100%        6
 Summon Cactus Giant      Summ           0%         N/A       100%        6
 Enfeeble                 Hex            0%         N/A       100%        7
 Cigotuvi's Dreadful Rot  Necr/Pois/Air  Unusable   N/A       N/A         2

Dungeon Overview and Level Annotations

Branches:
Dungeon (10/15)            Temple (0/1) D:7            Lair (2/5) D:9
Ossuary (visited)
  Swamp: Lair:2-3    Shoals: Lair:2-3     Snake: Lair:2-3    Spider: Lair:2-3
    Orc: D:9-12

Altars:
Cheibriados
Dithmenos
Gozag
Kikubaaqudgha
Ru
Sif Muna
Vehumet
The Shining One

Shops:
D:5 *   D:8 [

Annotations:
D:10 Gastronok


Innate Abilities, Weirdness & Mutations

You are immune to sickness and miasma.
Your stone body is resilient. (AC +8)
You are immune to poison.
You resist negative energy. (rN+)
You are resistant to electric shocks. (rElec)
You are resistant to unholy torment.
You are immune to petrification.


Message History

The komodo dragon is almost dead.
The black mamba bites you. You block the komodo dragon's attack.
You whack the komodo dragon!
You kill the komodo dragon!
You block the black mamba's attack. x2
You closely miss the black mamba. You block the black mamba's attack.
You miss the black mamba.
The black mamba bites you but does no damage.
You closely miss the black mamba.
The black mamba bites you but does no damage. x2
You barely miss the black mamba. The black mamba closely misses you.
You miss the black mamba. You block the black mamba's attack.
The black mamba bites you!
* * * LOW HITPOINT WARNING * * *
You miss the black mamba. The black mamba bites you!
* * * LOW HITPOINT WARNING * * *
You hit the black mamba.
The black mamba is lightly wounded.
The black mamba bites you!
* * * LOW HITPOINT WARNING * * *
You hit the black mamba.
The black mamba is moderately wounded.
You block the black mamba's attack. The black mamba bites you!
* * * LOW HITPOINT WARNING * * *
You hit the black mamba.
The black mamba is moderately wounded.
You block the black mamba's attack.
You whack the black mamba!
The black mamba is heavily wounded.
The black mamba bites you.
* * * LOW HITPOINT WARNING * * *
You hit the black mamba.
Lightning courses through the black mamba!
The black mamba is almost dead.
You block the black mamba's attack. The black mamba bites you.
* * * LOW HITPOINT WARNING * * *
You hit the black mamba.
The black mamba is almost dead.
The black mamba bites you.
You die...

##............
.#.............
...............
...............
...............
...............
#.$..........
#...@†......
#....S......
#...........#
####........#
..(......#
...........
..........#
............


You could see a black mamba.

Vanquished Creatures
  Fannar (Lair:1)
  A two-headed ogre (D:9)
  A deep elf pyromancer (D:8)
  Pikel (D:7)
  An oklob plant (Lair:1)
  3 elephants (Lair:1)
  A black mamba (Lair:1)
  A rime drake (Lair:2)
  7 komodo dragons
  A troll (D:8)
  10 blink frogs (Lair:1)
  A slime creature (D:8)
  A shadow (D:9)
  7 yaks
  Eustachio (D:6)
  A wyvern (D:8)
  A basilisk (D:8)
  2 steam dragons
  An acid dragon (D:9)
  5 water moccasins
  2 orc warriors
  4 ice beasts
  4 sky beasts
  2 black bears
  2 ogres (D:5)
  6 wolves (Lair:1)
  A centaur (D:7)
  9 bullfrogs
  2 gnoll sergeants (D:9)
  2 scorpions
  4 wights (D:7)
  5 killer bees (D:7)
  3 howler monkeys
  An electric eel (D:9)
  6 orc priests
  2 hounds
  A jelly (D:6)
  2 sleepcaps
  4 iguanas
  2 gnoll boudas
  12 orc wizards
  13 mummies (Ossuary)
  20 gnolls
  13 adders
  2 white imps (D:8)
  A worm (D:3)
  4 dart slugs
  33 orcs
  9 endoplasms
  5 giant cockroaches
  5 hobgoblins
  3 jackals (D:2)
  4 kobolds
  5 quokkas
  7 ball pythons
  4 bats
  6 frilled lizards
  A gnoll skeleton (Ossuary)
  6 goblins
  4 goblin skeletons (Ossuary)
  3 orc skeletons (Ossuary)
  5 rats
  11 rat skeletons (Ossuary)
288 creatures vanquished.

Vanquished Creatures (others)
  Menkaure (D:6)
1 creature vanquished.

Grand Total: 289 creatures vanquished

Notes
Turn   | Place    | Note
-------+----------+-------------------------------------------
     0 | D:1      | Decritt the Gargoyle Fighter began the quest for the Orb.
     0 | D:1      | Reached XP level 1. HP: 14/14 MP: 1/1
    92 | D:1      | Reached XP level 2. HP: 18/19 MP: 2/2
   148 | D:1      | Found a faded altar of an unknown god.
   173 | D:1      | Got Plato's Codex of Topology
   382 | D:1      | Reached XP level 3. HP: 23/23 MP: 3/3
  1119 | D:2      | Reached XP level 4. HP: 29/29 MP: 4/4
  1525 | D:3      | Found a glowing golden altar of the Shining One.
  2019 | D:4      | Reached XP level 5. HP: 33/33 MP: 5/5
  2192 | D:4      | Reached XP level 6. HP: 37/39 MP: 6/6
  2536 | D:4      | Noticed a black bear
  2552 | D:4      | Killed a black bear
  2688 | D:4      | Reached skill level 5 in Shields
  2705 | D:4      | Reached skill level 5 in Fighting
  2705 | D:4      | Reached skill level 5 in Armour
  2705 | D:4      | Reached XP level 7. HP: 44/44 MP: 7/7
  2857 | D:5      | Entered Level 5 of the Dungeon
  3397 | D:5      | Reached XP level 8. HP: 51/51 MP: 8/8
  3493 | D:5      | Found Cagif's Commerce Corner.
  3501 | D:5      | Bought 2 potions of curing for 60 gold pieces
  3501 | D:5      | Bought a potion of cancellation for 80 gold pieces
  3711 | D:6      | Noticed Menkaure
  3720 | D:6      | Killed Menkaure
  3721 | D:6      | Reached skill level 5 in Maces & Flails
  3751 | D:6      | Noticed Eustachio
  3812 | D:6      | Killed Eustachio
  3954 | D:6      | Found an opulent altar of Gozag.
  3958 | D:6      | Found a snail-covered altar of Cheibriados.
  3967 | D:6      | Found a sacrificial altar of Ru.
  3967 | D:6      | Found a radiant altar of Vehumet.
  3971 | D:6      | Became a worshipper of Ru the Awakened
  3974 | D:6      | Found an ancient bone altar of Kikubaaqudgha.
  4081 | D:7      | Reached XP level 9. HP: 44/57 MP: 9/9
  4259 | D:6      | Reached skill level 1 in Dodging
  4364 | D:6      | Identified the +4 quarterstaff of the Hurtling Gods {heavy,
                  | rN+ Int-3 SInv}
  5196 | D:7      | Noticed Pikel
  5206 | D:7      | Killed Pikel
  5277 | D:7      | Found a staircase to the Ecumenical Temple.
  5330 | D:7      | Reached XP level 10. HP: 65/65 MP: 10/10
  5643 | D:7      | Found a shimmering blue altar of Sif Muna.
  5833 | D:7      | Found a shadowy altar of Dithmenos.
  6033 | D:8      | Noticed a deep elf pyromancer
  6051 | D:8      | Killed a deep elf pyromancer
  6068 | D:8      | Found Cischu's Armour Shop.
  6116 | D:8      | Bought a +0 tower shield for 58 gold pieces
  6582 | D:8      | Found a sand-covered staircase.
  6590 | Ossuary  | Entered an ossuary
  7207 | D:9      | Reached skill level 10 in Fighting
  7283 | D:9      | Reached XP level 11. HP: 67/72 MP: 11/11
  7662 | D:9      | Noticed a two-headed ogre
  7676 | D:9      | Killed a two-headed ogre
  7799 | D:9      | Found a staircase to the Lair.
  7904 | D:10     | Entered Level 10 of the Dungeon
  7981 | D:10     | Noticed Gastronok
  7986 | D:10     | HP: 2/73 [Gastronok/the air (31)]
  8098 | Lair:1   | Entered Level 1 of the Lair of Beasts
  8197 | D:9      | Reached skill level 10 in Shields
  8837 | Lair:1   | Noticed Fannar
  8861 | Lair:1   | Killed Fannar
  8862 | Lair:1   | Reached XP level 12. HP: 80/80 MP: 12/12
  8898 | Lair:1   | Reached skill level 10 in Maces & Flails
  9230 | Lair:2   | HP: 4/81 [black mamba (4)]
  9231 | Lair:2   | Slain by a black mamba

Illustrated notes

Levels and vault maps discovered:
D:1:      wander_arrival_peaceful_grave, layout_loops_ring,
          shapermc_ecumenical_altar_rom_forum, minmay_statues_item
D:2:      layout_loops_ring
D:3:      layout_rooms, tso_metal_star
D:4:      minmay_skewed_foursquare, layout_loops_corners, minivault_19,
          minmay_quantized
D:5:      layout_loops_cross, serial_bayou_pond_c, nicolae_alphabet_shops,
          grunt_ministairs_5, grunt_decor_one_mirror, hangedman_decor_riveting
D:6:      layout_basic, nicolae_overflow_hallway_of_the_gods, water_maze_lemuel,
          uniq_eustachio, uniq_menkaure
D:7:      layout_basic, tgw_sif, lemuel_tele_altar,
          minmay_temple_entry_large_hall, hex_medium, uniq_pikel
D:8:      minmay_the_grid_plus [minmay_the_grid_empty,
          minmay_the_grid_large_cup, minmay_the_grid_dragon_b,
          minmay_the_grid_box_x, minmay_the_grid_prize_inner_circle],
          layout_loops_ring, nicolae_ossuary_entry_ruins, serial_shops,
          nicolae_diamond_shop
D:9:      layout_long_grid, grunt_lair_entry_orc_guard_hut, kennysheep_donut
D:10:     layout_small_grid, nicolae_ashenzari_skybound, uniq_gastronok,
          uniq_grum
Lair:1:   layout_gridlike, minmay_lair_oklob_items,
          chequers_serial_rivers_room_a, uniq_fannar
Lair:2:   layout_gridlike, hellmonk_spider_entry_life_and_decay, enter_volcano_2

Skill      XL: |  1  2  3  4  5  6  7  8  9 10 11 12 |
---------------+-------------------------------------+-----
Fighting       | 4 5 7 8 10 11 | 11.9
Armour         | 4 5 6 7 8 9 |  9.5
Shields        | 4 5 6 7 9 10 11 | 11.2
Maces & Flails | 3 4 5 7 8 9 10 | 10.2
Dodging        | 2 3 |  3.2

Action                     |  1- 3 |  4- 6 |  7- 9 | 10-12 || total
---------------------------+-------+-------+-------+-------++-------
  Melee: Flail             |   105 |   144 |       |       ||   249
         Morningstar       |       |    81 |   237 |       ||   318
         Whip              |       |       |   147 |   831 ||   978
 Invoke: Reject Sacrifices |       |       |       |     2 ||     2
    Use: Scroll            |       |     9 |     3 |    12 ||    24
         Potion            |       |       |     3 |       ||     3
 Armour: Scale mail        |    36 |       |       |       ||    36
         Chain mail        |     6 |   178 |    14 |       ||   198
         Plate armour      |       |       |   266 |   415 ||   681
  Dodge: Dodged            |    59 |   133 |   124 |   153 ||   469
  Block: Buckler           |    17 |    49 |    80 |    30 ||   176
         Tower shield      |       |       |       |   574 ||   574

Table legend: (Time is in decaauts)
 A = Elapsed time spent in this place.
 B = Non-inter-level travel time spent in this place.
 C = Inter-level travel time spent in this place.
 D = Time resting spent in this place.
 E = Time spent auto-exploring this place.
 F = Levels seen in this place.
 G = Mean time per level.
                   A        B        C        D        E       F      G
               +--------+--------+--------+--------+--------+-----+--------+
         Total |   9256 |   8983 |    273 |    194 |   5988 |  13 |  712.0 |
       Dungeon |   7899 |   7642 |    257 |    194 |   5281 |  10 |  789.9 |
          Lair |    995 |    979 |     16 |      0 |    548 |   2 |  497.5 |
       Ossuary |    361 |    361 |      0 |      0 |    159 |   1 |  361.0 |
               +--------+--------+--------+--------+--------+-----+--------+

Top non-repeatable levels by time:
     D:7: 1103 daAuts
     D:6: 1041 daAuts
     D:4: 1026 daAuts
  Lair:1: 962 daAuts
     D:9: 944 daAuts
     D:5: 931 daAuts
     D:8: 836 daAuts
     D:1: 771 daAuts
     D:2: 640 daAuts
     D:3: 519 daAuts
 Ossuary: 361 daAuts
    D:10: 83 daAuts
  Lair:2: 33 daAuts
